Unix NetHack Version 5.0.0-0 post-release - last build May  4 2026 22:22:43 (774f63e81ad911689b3a0859ea89b322d5daca8d,branch:main).

Game began 2026-05-08 14:38:26, ended 2026-05-08 15:13:12.

1112463359, lawful female human Valkyrie

                                                  --------
                                                  .......|         ----------
             #################                    |......|         |........|
             #-------        #######[#%))#########.......|         |?.......|
             #|.....|            ------------- #k#|......|  #######.........|
   ------  ###....<..            |C.........C.o*##-----.-- ##      |........|
   |...).#####|.....|            |.....C.....|   ###########      #.........|
   |...!|###  |.....|            |...-----.).|         #         ##|........|
   |.....#    -------            |...|.{.....|         #         # ----------
   ------                        |.. |{.{|C..|         #       ###
                                 ... |.  |...|      -------   ##
                                 |.  --  -...|      |....!|   #
                                 |.      ....|      |.....-####
                                 |       ...C|      |.....|
                                        ------      -------

1112463359 the Fighter      St:18/01 Dx:13 Co:18 In:9 Wi:7 Ch:9  Lawful
Dlvl:6  $:41 HP:0(57) Pw:11(11) AC:6  Xp:6 T:4319  Hungry   Overtaxed

Latest messages:
 The Mordor orc swings his scimitar.
 The Mordor orc hits!
 What do you want to eat? [TU or ?*] T
 You can't do that while carrying so much stuff.
 What do you want to drop? [$acfhjlrvwEG-KM-V or ?*] K
 You drop an orcish shield.
 The kobold lord strikes at thin air!
 The kobold lord swings his knife.
 The kobold lord hits!
 The Mordor orc swings his scimitar.
 The Mordor orc hits!
 The kobold lord thrusts his knife.
 The kobold lord misses!
 The Mordor orc swings his scimitar.
 The Mordor orc misses!
 The Mordor orc swings his scimitar.
 The Mordor orc misses!
 You drop a violet gem.
 The kobold lord thrusts his knife.
 The kobold lord misses!
 The Mordor orc swings his scimitar.
 The Mordor orc hits!
 The kobold lord thrusts his knife.
 The kobold lord misses!
 The kobold lord thrusts his knife.
 The kobold lord hits!
 The Mordor orc swings his scimitar.
 The Mordor orc hits!
 The kobold lord thrusts his knife.
 The kobold lord hits!
 The Mordor orc swings his scimitar.
 The Mordor orc just misses!
 The kobold lord attacks a spot beside you.
 The Mordor orc swings his scimitar.
 The Mordor orc hits!
 The Mordor orc swings his scimitar.
 The Mordor orc hits!
 The kobold lord thrusts his knife.
 The kobold lord misses!
 You cannot fight while so heavily loaded.
 The kobold lord thrusts his knife.
 The kobold lord hits!
 The kobold lord swings his knife.
 The kobold lord hits!
 You die...
 Do you want your possessions identified? [ynq] (y) n
 Do you want to see your attributes? [ynq] (y) n
 Do you want an account of creatures vanquished? [ynaq] (y) n
 Do you want to see your conduct and achievements? [ynq] (y) n
 Do you want to see the dungeon overview? [ynq] (y) n

Inventory:
 Coins    ('$')
  $ - 41 gold pieces
 Weapons  (')')
  l - 9 cursed -4 arrows
  H - a +0 knife (at the ready)
  S - a rusty +1 knife
  P - a cursed -1 knife
  I - a blessed +0 orcish dagger
  a - a corroded +1 spear (weapon in right hand)
  M - a blessed +0 scimitar
 Armor    ('[')
  f - an uncursed +0 orcish helm
  E - an uncursed +0 orcish helm
  J - an uncursed +0 orcish helm
  Q - an uncursed +0 orcish helm
  N - a cursed +0 orcish helm
  R - an uncursed +0 orcish shield
  c - an uncursed +3 small shield (being worn)
 Comestibles  ('%')
  T - an uncursed Mordor orc corpse
  U - an uncursed mountain nymph corpse
 Potions  ('!')
  v - an uncursed potion of extra healing
  j - an uncursed potion of object detection
 Wands    ('/')
  O - a wand of magic missile (0:5)
  h - a wand of probing (0:5)
 Tools    ('(')
  V - an uncursed mirror
 Gems/Stones  ('*')
  G - an uncursed worthless piece of yellow glass
 Boulders/Statues  ('`')
  w - an empty uncursed statue of a yellow mold

1112463359 the Valkyrie's attributes:

Background:
 You were a Fighter, a level 6 human Valkyrie.
 You were lawful, on a mission for Tyr
 who was opposed by Odin (neutral) and Loki (chaotic).
 You were right-handed.
 You were in the Dungeons of Doom, on level 6.
 You entered the dungeon 4319 turns ago.
 You had 416 experience points, 224 more were needed to attain level 7.

Basics:
 You had 0 out of 57 hit points.
 You had all 11 energy points (spell power).
 Your armor class was 6.
 Your wallet contained 41 zorkmids.
 Autopickup was off.

Final Characteristics:
 Your strength was 18/01 (limit:18/100).
 Your dexterity was 13 (limit:18).
 Your constitution was 18 (limit:18).
 Your intelligence was 9 (limit:18).
 Your wisdom was 7 (limit:18).
 Your charisma was 9 (limit:18).

Final Status:
 You were hungry.
 You were overtaxed; movement was extremely slowed.
 You were wielding a spear.
 You had basic skill with spear and could have enhanced that.

Final Attributes:
 You were piously aligned.
 You were cold resistant.
 You were invisible.
 You were stealthy.
 Tyr was angry with you.
 You are dead.

Miscellaneous:
 You didn't encounter any bones levels.
 Total elapsed playing time was 34 minutes and 46 seconds.

Major events:
 Turn
    1: 1112463359 the lawful human Valkyrie entered the dungeon
 1464: attained the rank of Skirmisher (level 3)
 4228: attained the rank of Fighter (level 6)
 4319: killed by a kobold lord

You didn't know any spells.

Skills:
 Fighting Skills
   bare handed combat [Unskilled]
   two weapon combat  [Unskilled]
   riding             [Unskilled]
 Weapon Skills
   dagger             [Basic]
   axe                [Unskilled]
   pick-axe           [Unskilled]
   short sword        [Unskilled]
   broadsword         [Unskilled]
   long sword         [Unskilled]
   two-handed sword   [Unskilled]
   saber              [Unskilled]
   hammer             [Unskilled]
   quarterstaff       [Unskilled]
   polearms           [Unskilled]
   spear              [Basic]
   trident            [Unskilled]
   lance              [Unskilled]
   sling              [Unskilled]
 Spellcasting Skills
   attack spells      [Unskilled]
   escape spells      [Unskilled]

Voluntary challenges:
 Character rerolling was not enabled.
 You never genocided any monsters.
 You never polymorphed an object.
 You never changed form.
 You used no wishes.
Achievements:
 You attained the rank of Skirmisher.
 You entered a shop.
 You attained the rank of Fighter.

 The Dungeons of Doom: levels 1 to 6
    Level 1:
       A sink.
    Level 2:
       A general store, a fountain.
    Level 3:
       A sink.
    Level 4:
    Level 5:
       An altar, a fountain.
    Level 6: <- You were here.
       Many fountains.
       Final resting place for
          you, killed by a kobold lord.


Vanquished creatures:
 an imp
  a mountain nymph
  9 Mordor orcs
  a rock piercer
  a rock mole
  a pony
  a shrieker
  2 gnome leaders
  a gray ooze
  a straw golem
  a giant ant
  a little dog
  a homunculus
  a kobold leader
  2 rothes
  3 iguanas
 an acid blob
  a coyote
  a gas spore
  a giant rat
  2 cave spiders
  2 yellow molds
  a green mold
  a gecko
  8 jackals
  3 foxes
  3 goblins
  a sewer rat
  7 grid bugs
  4 bats
  5 lichens
  3 kobold zombies
  7 newts
79 creatures vanquished.

No species were genocided or became extinct.

Game over:
                       ----------
                      /          \
                     /    REST    \
                    /      IN      \
                   /     PEACE      \
                  /                  \
                  |    1112463359    |
                  |      41 Au       |
                  |   killed by a    |
                  |   kobold lord    |
                  |                  |
                  |                  |
                  |       2026       |
                 *|     *  *  *      | *
        _________)/\\_//(\/(/\)/\//\/|_)_______

Farvel 1112463359 the Valkyrie...

You died in The Dungeons of Doom on dungeon level 6 with 1951 points,
and 41 pieces of gold, after 4319 moves.
You were level 6 with a maximum of 57 hit points when you died.

